 Dungeon Crawl Stone Soup version 0.31-a0-354-g827e0957a7 (webtiles) character file.

Game seed: 772296775118596098

140 Locuples the Stinger (level 5, 0/42 HPs)
             Began as a Naga Venom Mage on July 24, 2023.
             Slain by a lemure (4 damage)
             ... led by Pikel
             ... on level 3 of the Dungeon.
             The game lasted 00:13:36 (3564 turns).

Locuples the Stinger (Naga Venom Mage)              Turns: 3564, Time: 00:13:38

Health: 0/42       AC:  3    Str: 10    XL:     5   Next: 22%
Magic:  1/9        EV: 10    Int: 17    God:
Gold:   112        SH:  0    Dex: 18    Spells: 6/10 levels left

rFire   . . .        k - +4 dagger of Impatience {flame, rElec Dex+6 Stlth+}
rCold   . . .        (no shield)
rNeg    . . .        a - +0 robe
rPois   +            d - +0 helmet
rElec   +            (no cloak)
rCorr   +            (no gloves)
SInv    +            (no barding)
Will    .....        n - amulet of faith
Stlth   ++++         q - ring of resist corrosion
HPRegen 0.27/turn    (no ring)
MPRegen 0.11/turn

%: faith
@: about to teleport, very slow
A: AC +1, large, see invisible, deformed body, poison resistance, slowness 2,
spit poison 1, naga tail 1
a: Spit Poison


You were on level 3 of the Dungeon.
You visited 1 branch of the dungeon, and saw 4 of its levels.

You collected 112 gold pieces.

Inventory:

Hand Weapons
 k - the +4 dagger of Impatience (weapon) {flame, rElec Dex+6 Stlth+}
   (You found it on level 2 of the Dungeon)

   Dex:       It affects your dexterity (+6).
   rElec:     It insulates you from electricity.
   Stlth:     It makes you more stealthy.
Armour
 a - a +0 robe (worn)
 d - a +0 helmet (worn)
Jewellery
 n - an amulet of faith (around neck)
 q - a ring of resist corrosion (left hand)
Scrolls
 c - a scroll of brand weapon {unknown}
 f - a scroll of enchant weapon {unknown}
 h - 5 scrolls of teleportation
 l - a scroll of vulnerability {unknown}
 m - a scroll of poison {unknown}
 p - 2 scrolls of revelation {unknown}
 r - a scroll of amnesia
Potions
 b - a potion of magic
 e - a potion of enlightenment {unknown}
 g - a potion of heal wounds
 i - 2 potions of haste {unknown}
 j - a potion of mutation {unknown}
 o - a potion of resistance {unknown}


   Skills:
 - Level 1.5 Dodging
 + Level 3.3 Stealth
 * Level 3.0 Spellcasting
 * Level 0.8 Conjurations
 + Level 1.9 Transmutations
 * Level 1.2 Air Magic
 + Level 5.6 Poison Magic


You had 6 spell levels left.
You knew the following spells:

 Your Spells              Type           Power      Damage    Failure   Level
a - Sting                 Tmut/Pois      60%        1d6       3%          1
b - Mephitic Cloud        Conj/Pois/Air  11%        N/A       19%         3

Your spell library contained the following spells:

 Spells                   Type           Power      Damage    Failure   Level
 Poisonous Vapours        Pois/Air       28%        N/A       6%          2
 Summon Small Mammal      Summ           8%         N/A       17%         1
 Olgreb's Toxic Radiance  Pois           21%        N/A       17%         4
 Sublimation of Blood     Necr           2%         N/A       26%         2
 Call Canine Familiar     Summ           2%         N/A       45%         3
 Summon Guardian Golem    Hex/Summ       2%         N/A       45%         3
 Petrify                  Tmut/Erth      5%         N/A       75%         4
 Irradiate                Conj/Tmut      3%         3d12      95%         5
 Orb of Destruction       Conj           2%         9d5       100%        7
 Spellforged Servitor     Conj/Summ      1%         N/A       100%        7


Dungeon Overview and Level Annotations

Branches:
Dungeon (4/15)
 Temple: D:4-7

Altars:
Ashenzari
Cheibriados
Elyvilon
Nemelex Xobeh
Yredelemnul

Annotations:
D:3 2 transporters, AIAndy's ghost, amateur OpSh
D:4 Pikel


Innate Abilities, Weirdness & Mutations

Your serpentine skin is tough. (AC +1)
You have supernaturally acute eyesight. (SInv)
Armour fits poorly on your strangely shaped body.
Your system is resistant to poisons. (rPois)
You cover ground very slowly.
You can spit poison.
You have a snake-like lower body.


Message History

Aim: a lemure (67% to hit)
The sting hits the lemure but does no damage.
The lemure is poisoned.
The lemure hits you but does no damage.
Aiming: Sting (safe; 3% risk of failure)
Press: ? - help, Q - select action, (/) - cycle Shift-Dir - straight line, f/p - lemure
Aim: a lemure (poisoned, 67% to hit)
The sting hits the lemure.
The lemure looks even sicker.
The lemure is lightly wounded.
The lemure hits you!
Aiming: Spit Poison (1% risk of failure)
Press: ? - help, Shift-Dir - straight line, f/p - lemure
Aim: a lemure (lightly wounded, very poisoned, 50% to hit)
The splash of poison misses the lemure.
The lemure hits you!
Aiming: Sting (safe; 3% risk of failure)
Press: ? - help, Q - select action, (/) - cycle Shift-Dir - straight line, f/p - lemure
Aim: a lemure (lightly wounded, very poisoned, 67% to hit)
The sting hits the lemure but does no damage.
The lemure looks even sicker.
The lemure is lightly wounded.
The lemure hits you.
* * * LOW HITPOINT WARNING * * *
The lemure attacks as you move away! The lemure hits you.
* * * LOW HITPOINT WARNING * * *
The lemure hits you.
* * * LOW HITPOINT WARNING * * *
Aiming: Sting (safe; 3% risk of failure)
Press: ? - help, Q - select action, (/) - cycle Shift-Dir - straight line, f/p - lemure
Aim: a lemure (very poisoned, 67% to hit)
The sting hits the lemure but does no damage.
The lemure looks as sick as possible!
You have got your breath back.
The lemure hits you but does no damage. The lemure attacks as you move away!
The lemure hits you.
* * * LOW HITPOINT WARNING * * *
The lemure misses you.
As you read the scroll of teleportation, it crumbles to dust.
You feel strangely unstable. The lemure hits you but does no damage.
The lemure attacks as you move away! The lemure hits you.
You die...

### #.##############
#............... #.##############
#.# ######## #.###########
><.....###########...........#
######.#.........#...........##
######....######@#...#####....###
..#..'.........#5#...#?)(#.......
#.#.##.....###.#.#...#[??#..####.
#.#.##.....# #.#.#...#$?!#....#..
#.#.##....<# #.#>#...#####.......
#.#.##.....###.#.#............#^.
#.#.##.........#.#............#..
#.#.##.....#####.#.##########.###
#.#.#......#.....#.#.............


You could see a lemure (very poisoned).

Vanquished Creatures
  Robin (D:2)
  A gnoll (D:1)
  4 adders
  A dart slug (D:1)
  3 orcs (D:2)
  10 ball pythons
  3 bats
  4 endoplasms
  5 giant cockroaches
  13 goblins
  13 hobgoblins
  4 kobolds
  2 frilled lizards
  5 rats
69 creatures vanquished.

Notes
Turn   | Place    | Note
-------+----------+-------------------------------------------
     0 | D:1      | Locuples the Naga Venom Mage began the quest for the Orb.
     0 | D:1      | Reached XP level 1. HP: 15/15 MP: 3/3
    34 | D:1      | Reached XP level 2. HP: 22/22 MP: 1/5
   530 | D:1      | Reached XP level 3. HP: 24/28 MP: 2/6
   659 | D:1      | Found a faded altar of an unknown god.
   866 | D:1      | Reached skill level 5 in Poison Magic
   945 | D:1      | Learned a level 3 spell: Mephitic Cloud
  1325 | D:2      | Identified the +4 dagger of Impatience {flame, rElec Dex+6
                  | Stlth+}
  1526 | D:2      | Reached XP level 4. HP: 29/36 MP: 0/8
  1808 | D:2      | Noticed Robin
  1842 | D:2      | Killed Robin
  2238 | D:2      | Reached skill level 1 in Air Magic
  2315 | D:3      | Found a broken altar of Ashenzari.
  2610 | D:3      | Reached XP level 5. HP: 37/42 MP: 4/9
  2865 | D:3      | Found a transporter.
  2868 | D:3      | Noticed AIAndy's ghost (amateur OpSh)
  2869 | D:3      | Identified the +7 giant club of Ygun {flame, rElec rF++}
  2869 | D:3      | Noticed an ogre
  2870 | D:3      | Found a transporter.
  2870 | D:3      | Noticed an ogre
  2903 | D:3      | Found a basalt altar of Yredelemnul.
  3131 | D:3      | Found a white marble altar of Elyvilon.
  3142 | D:3      | Found a sparkling altar of Nemelex Xobeh.
  3245 | D:3      | Found a snail-covered altar of Cheibriados.
  3537 | D:4      | Noticed a lemure
  3538 | D:4      | Noticed a lemure
  3539 | D:4      | Noticed Pikel
  3544 | D:4      | Noticed a lemure
  3546 | D:4      | Noticed a lemure
  3564 | D:3      | Slain by a lemure

Illustrated notes

Levels and vault maps discovered:
D:1:      nicolae_arrival_memento_mori, layout_loops_corners,
          hellmonk_ecumenical_altar_lost_god, serial_glass, glass_columns_a,
          glass_columns_b, st_stairs_12, hangedman_decor_growths
D:2:      layout_loops_ring, minmay_misc_feat_x, minmay_tall_x, uniq_robin
D:3:      layout_basic, nicolae_overflow_quartered_altars,
          nicolae_ashenzari_skybound, serial_glass, glass_columns_b,
          glass_columns_c, feat_on_display, due_unseen_surprise,
          item_on_display_a, minmay_strange_pillars, gammafunk_ghost_smash
D:4:      minmay_chambers_of_threes, layout_cave_pods, ebering_ghost_gozag,
          uniq_pikel, uniq_eustachio, uniq_menkaure

Skill      XL: |  1  2  3  4  5 |
---------------+----------------+-----
Poison Magic   | 5 |  5.6
Air Magic      | 1 |  1.2
Spellcasting   | 3 |  3.0
Dodging        | |  1.5
Stealth        | |  3.3
Conjurations   | |  0.8
Transmutations | |  1.9

Action                     |  1- 3 |  4- 6 || total
---------------------------+-------+-------++-------
  Melee: Unarmed           |     3 |       ||     3
         Dagger            |       |     2 ||     2
   Cast: Sting             |    50 |    52 ||   102
         Mephitic Cloud    |       |     3 ||     3
Ability: Spit Poison       |    14 |    28 ||    42
    Use: Scroll            |       |     5 ||     5
 Armour: Robe              |     1 |     9 ||    10
  Dodge: Dodged            |    13 |    12 ||    25

Table legend: (Time is in decaauts)
 A = Elapsed time spent in this place.
 B = Non-inter-level travel time spent in this place.
 C = Inter-level travel time spent in this place.
 D = Time resting spent in this place.
 E = Time spent auto-exploring this place.
 F = Levels seen in this place.
 G = Mean time per level.
                   A        B        C        D        E       F      G
               +--------+--------+--------+--------+--------+-----+--------+
         Total |   4534 |   4327 |    207 |     76 |   3665 |   4 | 1133.5 |
       Dungeon |   4534 |   4327 |    207 |     76 |   3665 |   4 | 1133.5 |
               +--------+--------+--------+--------+--------+-----+--------+

Top non-repeatable levels by time:
     D:3: 1661 daAuts
     D:1: 1457 daAuts
     D:2: 1369 daAuts
     D:4: 46 daAuts
